TOP OF THE 1ST |
Boston (APP) Red Sox batting - Pitching for Bluefield Blue Jays : LHP Jack Osborne
|
Pitching: LHP Jack Osborne
|
|
Batting: RHB Joe Booth
|
0-0: Ball 1-0: SOLO HOME RUN (Flyball, 7D, EV 100.0 MPH), Distance : 382 ft
|
Batting: RHB Tony Gallegos
|
0-0: Ball 1-0: Ball 2-0: Foul Ball, location: 2F 2-1: Ball 3-1: Called Strike 3-2: Foul Ball, location: 2F 3-2: Base on Balls
|
Batting: RHB Dominique Paolozzi
|
0-0: Called Strike 0-1: Fielders Choice at 2nd, 6-4 (Groundball, 56D, EV 105.6 MPH)
|
Batting: RHB Mike Rosa
|
0-0: Called Strike 0-1: Ball 1-1: Foul Ball, location: 2F 1-2: Strikes out swinging
|
Batting: RHB Aukukero Tairi
|
0-0: Fielders Choice at 2nd, 5-4 (Groundball, 56, EV 96.9 MPH)
|
Top of the 1st over - 1 run, 1 hit, 0 errors, 1 left on base; Boston (APP) 1 - Bluefield 0 |
BOTTOM OF THE 1ST |
Bluefield Blue Jays batting - Pitching for Boston (APP) Red Sox : RHP Matt Collins
|
Pitching: RHP Matt Collins
|
|
Batting: RHB Dustin Bargman
|
0-0: Ball 1-0: Ball 2-0: Foul Ball, location: 2F 2-1: Ground out 6-3 (Groundball, 6, EV 79.4 MPH)
|
Batting: RHB Mark Noftall
|
0-0: Foul Ball, location: 2F 0-1: Ball 1-1: Called Strike 1-2: Foul Ball, location: 2F 1-2: SINGLE (Line Drive, 3D, EV 96.2 MPH)
|
Batting: RHB Norm Mercer
|
0-0: Called Strike 0-1: Ball 1-1: Ball Mark Noftall steals 2nd, throwing error, E2 Mark Noftall to third 2-1: Fly out, F8 (Flyball, 89D, EV 93.8 MPH)
|
Batting: LHB Frank Nelson
|
0-0: Ball 1-0: Foul Ball, location: 2F 1-1: 2-RUN HOME RUN (Flyball, 9D, EV 98.1 MPH), Distance : 388 ft
|
Batting: RHB Terry Plumley
|
0-0: Foul Ball, location: 2F 0-1: DOUBLE (Line Drive, 78M, EV 108.1 MPH)
|
Batting: RHB Braydon Pinsent
|
0-0: Ball 1-0: Called Strike 1-1: Ball 2-1: Ground out 4-3 (Groundball, 4S, EV 90.0 MPH)
|
Bottom of the 1st over - 2 runs, 3 hits, 1 error, 1 left on base; Boston (APP) 1 - Bluefield 2 |
TOP OF THE 2ND |
Boston (APP) Red Sox batting - Pitching for Bluefield Blue Jays : LHP Jack Osborne
|
Batting: RHB Josh Smith
|
0-0: Called Strike 0-1: Ball 1-1: Ball 2-1: Foul Ball, location: 2F 2-2: Ball 3-2: Strikes out swinging, 2-3 out at first.
|
Batting: RHB Bakhtiar Asadov
|
0-0: Foul Ball, location: 2F 0-1: Swinging Strike 0-2: DOUBLE (Line Drive, 89M, EV 108.8 MPH)
|
Batting: RHB Roger Mitchell
|
0-0: Foul Ball, location: 2F 0-1: Swinging Strike 0-2: Foul Ball, location: 2F 0-2: Ball 1-2: TRIPLE (Flyball, 89XD, EV 114.4 MPH) Bakhtiar Asadov scores
|
Batting: RHB Willie Camacho
|
0-0: Ball 1-0: Called Strike 1-1: Ball 2-1: Ball 3-1: Fly out, F7 (Flyball, 7LSF, EV 89.4 MPH)
|
Batting: RHB Joe Booth
|
0-0: Ball 1-0: Called Strike 1-1: Ball 2-1: Ball 3-1: Base on Balls
|
Batting: RHB Tony Gallegos
|
0-0: Fielders Choice at 2nd, 6-4 (Groundball, 56, EV 83.1 MPH)
|
Top of the 2nd over - 1 run, 2 hits, 0 errors, 2 left on base; Boston (APP) 2 - Bluefield 2 |
BOTTOM OF THE 2ND |
Bluefield Blue Jays batting - Pitching for Boston (APP) Red Sox : RHP Matt Collins
|
Batting: RHB Jorge Cruz
|
0-0: Ball 1-0: Called Strike 1-1: Foul Ball, location: 2F 1-2: SOLO HOME RUN (Flyball, 78XD, EV 107.5 MPH), Distance : 418 ft
|
Batting: RHB Ed Swafford
|
0-0: SINGLE (Groundball, 6MD, EV 106.2 MPH) (infield hit)
|
Batting: RHB Luis Vargas
|
0-0: Called Strike 0-1: Called Strike 0-2: Strikes out looking
|
Batting: RHB Dustin Bargman
|
0-0: Ball 1-0: Ball Ed Swafford steals 2nd, throwing error, E2 Ed Swafford to third 2-0: 2-RUN HOME RUN (Flyball, 78XD, EV 103.1 MPH), Distance : 428 ft
|
Batting: RHB Mark Noftall
|
0-0: Called Strike 0-1: Ball 1-1: Foul Ball, location: 2F 1-2: SINGLE (Line Drive, 4D, EV 96.9 MPH)
|
Batting: RHB Norm Mercer
|
0-0: Ball 1-0: Grounds into double play, 4-6-3 (Groundball, 4, EV 86.2 MPH)
|
Bottom of the 2nd over - 3 runs, 4 hits, 1 error, 0 left on base; Boston (APP) 2 - Bluefield 5 |
TOP OF THE 3RD |
Boston (APP) Red Sox batting - Pitching for Bluefield Blue Jays : LHP Jack Osborne
|
Batting: RHB Dominique Paolozzi
|
0-0: Swinging Strike 0-1: Foul Ball, location: 2F 0-2: Strikes out swinging
|
Batting: RHB Mike Rosa
|
0-0: Called Strike 0-1: Ball 1-1: Foul Ball, location: 2F 1-2: Ball 2-2: Ball 3-2: Foul Ball, location: 2F 3-2: Base on Balls
|
Batting: RHB Aukukero Tairi
|
0-0: Ball 1-0: Foul Ball, location: 2F 1-1: Foul Ball, location: 2F 1-2: Ball 2-2: Ball 3-2: Foul Ball, location: 2F 3-2: Foul Ball, location: 2F 3-2: Strikes out swinging Mike Rosa is caught stealing 2nd base 2-4 Batter strikes out.
|
Top of the 3rd over - 0 runs, 0 hits, 0 errors, 0 left on base; Boston (APP) 2 - Bluefield 5 |
BOTTOM OF THE 3RD |
Bluefield Blue Jays batting - Pitching for Boston (APP) Red Sox : RHP Matt Collins
|
Batting: LHB Frank Nelson
|
0-0: Swinging Strike 0-1: Foul Ball, location: 2F 0-2: SOLO HOME RUN (Flyball, 7D, EV 97.5 MPH), Distance : 387 ft
|
Batting: RHB Terry Plumley
|
0-0: SOLO HOME RUN (Flyball, 7LD, EV 91.9 MPH), Distance : 348 ft
|
Pitching: RHP Armando Berrios
|
|
Batting: RHB Braydon Pinsent
|
0-0: Ball 1-0: Swinging Strike 1-1: Swinging Strike 1-2: Ball 2-2: Ball 3-2: Base on Balls
|
Batting: RHB Jorge Cruz
|
0-0: Ball 1-0: Fielders Choice at 2nd, 5-4 (Groundball, 56, EV 83.1 MPH)
|
Batting: RHB Ed Swafford
|
0-0: Ball 1-0: Fly out, F9 (Flyball, 89M, EV 84.4 MPH)
|
Batting: RHB Luis Vargas
|
0-0: Ball 1-0: Ball 2-0: Ball 3-0: Foul Ball, location: 2F 3-1: SINGLE (Groundball, 56D, EV 95.6 MPH) Jorge Cruz to second
|
Batting: RHB Dustin Bargman
|
0-0: Ground out 1-3 (Groundball, 13, EV 61.2 MPH)
|
Bottom of the 3rd over - 2 runs, 3 hits, 0 errors, 2 left on base; Boston (APP) 2 - Bluefield 7 |
TOP OF THE 4TH |
Boston (APP) Red Sox batting - Pitching for Bluefield Blue Jays : LHP Jack Osborne
|
Batting: RHB Josh Smith
|
0-0: Ball 1-0: Ball 2-0: Called Strike 2-1: Ground out 5-3 (Groundball, 5D, EV 88.1 MPH)
|
Batting: RHB Bakhtiar Asadov
|
0-0: Called Strike 0-1: Ball 1-1: Foul Ball, location: 2F 1-2: DOUBLE (Line Drive, 78D, EV 103.1 MPH)
|
Batting: RHB Roger Mitchell
|
0-0: Ball 1-0: Ground out 3-1 (Groundball, 34, EV 105.0 MPH) Bakhtiar Asadov to third
|
Batting: RHB Willie Camacho
|
0-0: Called Strike 0-1: Ball 1-1: Fly out, F9 (Flyball, 9LSF, EV 94.4 MPH)
|
Top of the 4th over - 0 runs, 1 hit, 0 errors, 1 left on base; Boston (APP) 2 - Bluefield 7 |
BOTTOM OF THE 4TH |
Bluefield Blue Jays batting - Pitching for Boston (APP) Red Sox : RHP Armando Berrios
|
Batting: RHB Mark Noftall
|
0-0: Ball 1-0: Foul Ball, location: 2F 1-1: Ball 2-1: Ball 3-1: Base on Balls
|
Batting: RHB Norm Mercer
|
0-0: Called Strike Mark Noftall steals 2nd base 0-1: Ball 1-1: Called Strike 1-2: Foul Ball, location: 2F 1-2: Ball 2-2: 2-RUN HOME RUN (Flyball, 9LD, EV 95.6 MPH), Distance : 331 ft
|
Batting: LHB Frank Nelson
|
0-0: Ball 1-0: Ball 2-0: Called Strike 2-1: Called Strike 2-2: Foul Ball, location: 2F 2-2: Ball 3-2: Foul Ball, location: 2F 3-2: Foul Ball, location: 2F 3-2: Base on Balls
|
Batting: RHB Terry Plumley
|
0-0: Foul Ball, location: 2F 0-1: Foul Ball, location: 2F 0-2: Ball 1-2: Foul Ball, location: 2F 1-2: Ball 2-2: Strikes out swinging
|
Pitching: LHP Jose Andujar
|
|
Batting: RHB Braydon Pinsent
|
0-0: Called Strike 0-1: SINGLE (Groundball, 56D, EV 110.0 MPH) Frank Nelson to second
|
Batting: RHB Jorge Cruz
|
0-0: Ball 1-0: Ball 2-0: SINGLE (Flyball, 4D, EV 83.8 MPH) Frank Nelson to third Braydon Pinsent to second
|
Batting: RHB Ed Swafford
|
0-0: Ball 1-0: Ball 2-0: Ball 3-0: Called Strike 3-1: Swinging Strike 3-2: Foul Ball, location: 2F 3-2: Base on Balls Frank Nelson scores Braydon Pinsent to third Jorge Cruz to second
|
Batting: RHB Luis Vargas
|
0-0: Ball 1-0: Called Strike 1-1: Foul Ball, location: 2F 1-2: Foul Ball, location: 2F 1-2: Fly out, F8 (Flyball, 89M, EV 89.4 MPH) Runner from 3rd tags up, OUT at HOME! 8-2
|
Bottom of the 4th over - 3 runs, 3 hits, 0 errors, 2 left on base; Boston (APP) 2 - Bluefield 10 |
TOP OF THE 5TH |
Boston (APP) Red Sox batting - Pitching for Bluefield Blue Jays : LHP Jack Osborne
|
Batting: RHB Joe Booth
|
0-0: Called Strike 0-1: Ball 1-1: Swinging Strike 1-2: SINGLE (Groundball, 6D, EV 98.8 MPH)
|
Batting: RHB Tony Gallegos
|
0-0: Ball 1-0: Ball 2-0: Ball 3-0: Base on Balls Joe Booth to second
|
Batting: RHB Dominique Paolozzi
|
0-0: Ball 1-0: Ball 2-0: Ball 3-0: Called Strike 3-1: Foul Ball, location: 2F 3-2: Grounds into double play, 5-4-3 (Groundball, 5, EV 101.2 MPH) Joe Booth to third
|
Batting: RHB Mike Rosa
|
0-0: Called Strike 0-1: Swinging Strike 0-2: Ball 1-2: Strikes out looking
|
Top of the 5th over - 0 runs, 1 hit, 0 errors, 1 left on base; Boston (APP) 2 - Bluefield 10 |
BOTTOM OF THE 5TH |
Bluefield Blue Jays batting - Pitching for Boston (APP) Red Sox : LHP Jose Andujar
|
Batting: RHB Dustin Bargman
|
0-0: Reached on error, E6 (Groundball, 6, EV 77.5 MPH)
|
Batting: RHB Mark Noftall
|
0-0: Ball 1-0: Ball 2-0: Ball 3-0: Base on Balls Dustin Bargman to second
|
Batting: RHB Norm Mercer
|
0-0: Ball 1-0: Ball 2-0: Ball 3-0: Called Strike 3-1: Foul Ball, location: 2F 3-2: Foul Ball, location: 2F 3-2: Fielders Choice at 2nd, 6-4 (Groundball, 6, EV 88.1 MPH) Dustin Bargman to third
|
Batting: LHB Frank Nelson
|
0-0: Foul Ball, location: 2F 0-1: Ball 1-1: Foul Ball, location: 2F 1-2: Strikes out swinging
|
Batting: RHB Terry Plumley
|
0-0: Ball 1-0: 3-RUN HOME RUN (Flyball, 7D, EV 100.6 MPH), Distance : 392 ft
|
Batting: RHB Braydon Pinsent
|
0-0: Ground out 6-3 (Groundball, 6, EV 88.1 MPH)
|
Bottom of the 5th over - 3 runs, 1 hit, 1 error, 0 left on base; Boston (APP) 2 - Bluefield 13 |
TOP OF THE 6TH |
Boston (APP) Red Sox batting - Pitching for Bluefield Blue Jays : LHP Jack Osborne
|
Batting: RHB Aukukero Tairi
|
0-0: Foul Ball, location: 2F 0-1: Swinging Strike 0-2: Ball 1-2: Ball 2-2: Ground out 5-3 (Groundball, 56S, EV 68.8 MPH)
|
Batting: RHB Josh Smith
|
0-0: Ball 1-0: DOUBLE (Line Drive, 78M, EV 93.8 MPH)
|
Batting: RHB Bakhtiar Asadov
|
0-0: Called Strike 0-1: Ball 1-1: Ball 2-1: SINGLE (Line Drive, 4D, EV 95.0 MPH) Josh Smith to third
|
Pitching: RHP Gu Won
|
|
Batting: RHB Roger Mitchell
|
0-0: Ball 1-0: Swinging Strike 1-1: Ball 2-1: Foul Ball, location: 2F 2-2: Ball 3-2: Base on Balls Bakhtiar Asadov to second
|
Batting: RHB Willie Camacho
|
0-0: SINGLE (Groundball, 56S, EV 76.2 MPH) (infield hit) Josh Smith scores Bakhtiar Asadov to third Roger Mitchell to second
|
Batting: RHB Joe Booth
|
0-0: Called Strike 0-1: Fly out, F9 (Flyball, 9, EV 86.9 MPH)
|
Batting: RHB Tony Gallegos
|
0-0: Ball 1-0: Ball 2-0: Called Strike 2-1: Ball 3-1: Called Strike 3-2: Strikes out swinging
|
Top of the 6th over - 1 run, 3 hits, 0 errors, 3 left on base; Boston (APP) 3 - Bluefield 13 |
BOTTOM OF THE 6TH |
Bluefield Blue Jays batting - Pitching for Boston (APP) Red Sox : LHP Jose Andujar
|
Batting: RHB Jorge Cruz
|
0-0: Called Strike 0-1: Ball 1-1: Called Strike 1-2: Strikes out swinging
|
Pitching: RHP Jose Duran
|
|
Batting: RHB Ed Swafford
|
0-0: Ball 1-0: Swinging Strike 1-1: Foul Ball, location: 2F 1-2: Foul Ball, location: 2F 1-2: Strikes out swinging
|
Batting: RHB Luis Vargas
|
0-0: Ball 1-0: Called Strike 1-1: Foul Ball, location: 2F 1-2: Ball 2-2: Strikes out swinging
|
Bottom of the 6th over - 0 runs, 0 hits, 0 errors, 0 left on base; Boston (APP) 3 - Bluefield 13 |
TOP OF THE 7TH |
Boston (APP) Red Sox batting - Pitching for Bluefield Blue Jays : RHP Gu Won
|
Now at 1B: Terry Plumley
|
|
Now at SS: Bobby Roldan
|
|
Now in CF: Mike Chamberlain
|
|
Now in RF: Frank Nelson
|
|
Batting: RHB Dominique Paolozzi
|
0-0: Called Strike 0-1: Ball 1-1: Foul Ball, location: 2F 1-2: Foul Ball, location: 2F 1-2: Strikes out swinging
|
Batting: RHB Mike Rosa
|
0-0: Called Strike 0-1: Ball 1-1: Ball 2-1: Swinging Strike 2-2: Ball 3-2: Foul Ball, location: 2F 3-2: Base on Balls
|
Pitching: RHP Eric Bessire
|
|
Batting: RHB Aukukero Tairi
|
0-0: SINGLE (Groundball, 56S, EV 70.6 MPH) (infield hit) Mike Rosa to second
|
Batting: RHB Josh Smith
|
0-0: Ball 1-0: Ball 2-0: Ball 3-0: Called Strike 3-1: Base on Balls Mike Rosa to third Aukukero Tairi to second
|
Batting: RHB Bakhtiar Asadov
|
0-0: Called Strike 0-1: Swinging Strike 0-2: Foul Ball, location: 2F 0-2: Strikes out swinging
|
Batting: RHB Roger Mitchell
|
0-0: Ball 1-0: Ball 2-0: Called Strike 2-1: Called Strike 2-2: Fly out, F3 (Popup, 3S, EV 79.4 MPH)
|
Top of the 7th over - 0 runs, 1 hit, 0 errors, 3 left on base; Boston (APP) 3 - Bluefield 13 |
BOTTOM OF THE 7TH |
Bluefield Blue Jays batting - Pitching for Boston (APP) Red Sox : RHP Jose Duran
|
Batting: RHB Dustin Bargman
|
0-0: Swinging Strike 0-1: Ball 1-1: Called Strike 1-2: Fly out, F6 (Line Drive, 56D, EV 76.2 MPH)
|
Batting: RHB Mark Noftall
|
0-0: Hit by Pitch
|
Batting: RHB Norm Mercer
|
0-0: Called Strike 0-1: 2-RUN HOME RUN (Flyball, 7D, EV 100.0 MPH), Distance : 374 ft
|
Batting: LHB Frank Nelson
|
0-0: Called Strike 0-1: SINGLE (Line Drive, 56D, EV 95.0 MPH)
|
Batting: RHB Terry Plumley
|
0-0: Ball 1-0: Ball 2-0: Ball 3-0: Base on Balls Frank Nelson to second
|
Batting: RHB Mike Chamberlain
|
0-0: Ball 1-0: Called Strike 1-1: Foul Ball, location: 2F 1-2: Grounds into double play, 4-6-3 (Groundball, 4, EV 82.5 MPH)
|
Bottom of the 7th over - 2 runs, 2 hits, 0 errors, 1 left on base; Boston (APP) 3 - Bluefield 15 |
TOP OF THE 8TH |
Boston (APP) Red Sox batting - Pitching for Bluefield Blue Jays : RHP Eric Bessire
|
Batting: RHB Willie Camacho
|
0-0: Called Strike 0-1: Ball 1-1: Called Strike 1-2: Strikes out looking
|
Batting: RHB Joe Booth
|
0-0: Ball 1-0: Ball 2-0: Swinging Strike 2-1: Foul Ball, location: 2F 2-2: Foul Ball, location: 2F 2-2: Strikes out swinging
|
Batting: RHB Tony Gallegos
|
0-0: Ball 1-0: Ball 2-0: Ball 3-0: Base on Balls
|
Batting: RHB Dominique Paolozzi
|
0-0: Ball 1-0: Called Strike 1-1: Ball 2-1: Swinging Strike 2-2: Ball 3-2: Fly out, F8 (Line Drive, 8LM, EV 85.6 MPH)
|
Top of the 8th over - 0 runs, 0 hits, 0 errors, 1 left on base; Boston (APP) 3 - Bluefield 15 |
BOTTOM OF THE 8TH |
Bluefield Blue Jays batting - Pitching for Boston (APP) Red Sox : RHP Jose Duran
|
Batting: RHB Bobby Roldan
|
0-0: Called Strike 0-1: Swinging Strike 0-2: Ball 1-2: Ball 2-2: Ball 3-2: Base on Balls
|
Batting: RHB Ed Swafford
|
0-0: Called Strike 0-1: Ball 1-1: Swinging Strike 1-2: Ball 2-2: Ball 3-2: Foul Ball, location: 2F 3-2: Fielders Choice at 2nd, 5-4 (Groundball, 56, EV 105.6 MPH)
|
Pitching: RHP Cedric Tyler
|
|
Batting: RHB Luis Vargas
|
0-0: Ball 1-0: Reached on error, E6 (Groundball, 6D, EV 105.0 MPH) Ed Swafford to second
|
Batting: RHB Dustin Bargman
|
0-0: Called Strike 0-1: Ball 1-1: Fielders Choice at 2nd, 6-4 (Groundball, 6, EV 111.2 MPH) Ed Swafford to third
|
Batting: RHB Mark Noftall
|
0-0: Called Strike 0-1: Ball 1-1: Swinging Strike 1-2: Strikes out looking
|
Bottom of the 8th over - 0 runs, 0 hits, 1 error, 2 left on base; Boston (APP) 3 - Bluefield 15 |
TOP OF THE 9TH |
Boston (APP) Red Sox batting - Pitching for Bluefield Blue Jays : RHP Eric Bessire
|
Pitching: RHP Aaron Meiggs
|
|
Batting: RHB Mike Rosa
|
0-0: Swinging Strike 0-1: Ball 1-1: Ball 2-1: Fly out, F6 (Popup, 6M, EV 51.9 MPH)
|
Batting: RHB Aukukero Tairi
|
0-0: Foul Ball, location: 2F 0-1: Foul Ball, location: 2F 0-2: DOUBLE (Line Drive, 78M, EV 99.4 MPH)
|
Batting: RHB Josh Smith
|
0-0: Swinging Strike 0-1: Ball 1-1: Foul Ball, location: 2F 1-2: Ball 2-2: Ball 3-2: Fly out, F8 (Line Drive, 8RM, EV 91.9 MPH)
|
Batting: RHB Bakhtiar Asadov
|
0-0: Swinging Strike 0-1: Foul Ball, location: 2F 0-2: Strikes out swinging
|
Top of the 9th over - 0 runs, 1 hit, 0 errors, 1 left on base; Boston (APP) 3 - Bluefield 15 |
|